 Dungeon Crawl Stone Soup version 0.28-a0-79-g444c7a33f5 (webtiles) character file.

Game seed: 17647164798524332693

23 babellerogue the Cudgeller (level 2, 0/29 HPs)
             Began as a Troll Chaos Knight on July 25, 2021.
             Was a Plaything of Xom.
             Succumbed to an orc's poison
             ... on level 2 of the Dungeon on Aug 2, 2021.
             The game lasted 00:29:26 (582 turns).

babellerogue the Cudgeller (Troll Chaos Knight)      Turns: 582, Time: 00:29:26

Health: 0/29       AC:  6    Str: 19    XL:     2   Next: 72%
Magic:  1/1        EV: 10    Int:  8    God:    Xom [..*...]
Gold:   15         SH:  0    Dex:  9    Spells: 0/1 levels left

rFire   . . .      SeeInvis .   a - +0 mace (chaos)
rCold   . . .      Faith    .   (no shield)
rNeg    . . .      Spirit   .   b - +2 robe
rPois   .          Reflect  .   (helmet restricted)
rElec   .          Harm     .   (no cloak)
rCorr   .          Rampage  .   (gloves unavailable)
Will    .....                   (boots unavailable)
Stlth   +.........              (no amulet)
HPRegen 1.09/turn               (no ring)
MPRegen 0.07/turn               (no ring)

@: lethally poisoned (0 -> -10)
A: large, unfitting armour, claws 3, regeneration 1, shaggy fur 1, tough skin 1
a: Renounce Religion


You were on level 2 of the Dungeon.
You worshipped Xom.
You were a toy of Xom.
You visited 1 branch of the dungeon, and saw 2 of its levels.

You collected 15 gold pieces.

Inventory:

Hand Weapons
 a - a +0 mace of chaos (weapon)
 c - a +0 rapier
 d - a +0 short sword of venom
Armour
 b - a +2 robe (worn)
 g - a +0 leather armour
Potions
 e - a potion of flight {unknown}
 f - a potion of attraction {unknown}


   Skills:
 + Level 2.6 Fighting
 * Level 3.3 Maces & Flails
 + Level 2.0 Dodging


You couldn't memorise any spells.
You knew the following spells:

 Your Spells              Type           Power      Damage    Failure   Level
a - Pain                  Necr           0%         1d4       41%         1

Your spell library contained the following spells:

 Spells                   Type           Power      Damage    Failure   Level
 Sting                    Tmut/Pois      0%         1d3       41%         1
 Poisonous Vapours        Pois/Air       0%         N/A       54%         2
 Olgreb's Toxic Radiance  Pois           0%         N/A       99%         4
 Agony                    Necr           0%         N/A       100%        5
 Excruciating Wounds      Necr           0%         N/A       100%        5


Dungeon Overview and Level Annotations

Branches:
Dungeon (2/15)

Altars:

Shops:
D:2 [


Innate Abilities, Weirdness & Mutations

You are too large for most types of armour.
You have claws for hands.
Your natural rate of healing is unusually fast.
You are covered in fur. (AC +1)
You have tough skin. (AC +1)


Message History

An orc comes into view. It is wielding a +0 whip.
Found 9 arrows.
You hit the orc but do no damage. You drain the orc.
The orc is moderately wounded.
The orc closely misses you.
You hit the orc.
The orc is severely wounded.
The orc hits you but does no damage.
You hit the orc.
You kill the orc!
Things that are here:
a +0 short sword; a +0 leather armour; an orc corpse 2 orcs come into view.
An orc is wielding a +1 hand axe of venom.
The orc shouts! x2; You hear a shout!
Found 9 gold pieces.
Things that are here:
a +0 short sword; a +0 leather armour; an orc corpse You completely miss the orc.
The orc hits you with a +1 hand axe of venom.
You are poisoned.
The orc barely misses you. The orc hits you but does no damage.
You are more poisoned.
The orc barely misses you.
You barely miss the orc.
You feel very sick.
The orc hits you with a +1 hand axe of venom.
The orc hits you from afar with a +0 trident.
You closely miss the orc.
You feel very sick. The orc barely misses you. The orc closely misses you.
You hit the orc but do no damage.
The orc seems to speed up.
Xom is amused.
You feel very sick.
The orc hits you with a +1 hand axe of venom.
* * * LOW HITPOINT WARNING * * *
You are lethally poisoned!
The orc barely misses you. The orc closely misses you.
You die...
Xom thinks this is hilarious!

#####.######## ....#.#
.^8#... ##.##_##.###..#.
...........#... #
.#.......#^#..## ###.#..
8^.......^8#...#####.......
###.....####...##.oo.......
...............##)##(......
................@.# .o.o...
...............#### ..o....
#..<..........## ##....$
#......#.....## .....
#)....######.# .... ...####
#.# .... ...# #.# ...# ...
...# ...


You could see 2 orcs.

Vanquished Creatures
  An adder (D:2)
  An orc (D:2)
  A giant cockroach (D:1)
  2 goblins
  A hobgoblin (D:1)
  2 jackals (D:1)
  2 bats
  2 kobolds (D:1)
12 creatures vanquished.

Notes
Turn   | Place    | Note
-------+----------+-------------------------------------------
     0 | D:1      | babellerogue the Troll Chaos Knight began the quest for the
                  | Orb.
     0 | D:1      | Reached XP level 1. HP: 22/22 MP: 0/0
    11 | D:1      | Upgraded the game from 0.28-a0-10-g964c8b829e to
                  | 0.28-a0-46-g7b1be97da7
    24 | D:1      | XOM: silly message
    63 | D:1      | Upgraded the game from 0.28-a0-46-g7b1be97da7 to
                  | 0.28-a0-69-g49dcd67cf8
   206 | D:1      | Upgraded the game from 0.28-a0-69-g49dcd67cf8 to
                  | 0.28-a0-71-g84acfa7270
   243 | D:1      | Reached skill level 3 in Maces & Flails
   344 | D:1      | Reached XP level 2. HP: 29/29 MP: 1/1
   346 | D:1      | XOM: silly message
   407 | D:1      | Upgraded the game from 0.28-a0-71-g84acfa7270 to
                  | 0.28-a0-79-g444c7a33f5
   439 | D:2      | Learned a level 1 spell: Pain
   444 | D:2      | Found a faded altar of an unknown god.
   458 | D:2      | XOM: silly message
   460 | D:2      | Found Numyg's Armour Emporium.
   582 | D:2      | Succumbed to an orc's poison

Illustrated notes

Levels and vault maps discovered:
D:1:      minmay_arrival_jagged, layout_loops_cross
D:2:      layout_rooms, shapermc_ecumenical_altar_mp_highgroup, serial_shops,
          shop, nicolae_shop_window_shopping,
          nicolae_shop_temple_entry_statues_fountains, st_stairs_6, uniq_sigmund

Skill      XL: |  1 |
---------------+----+-----
Dodging        | 2 |  2.0
Maces & Flails | 3 |  3.3
Fighting       | |  2.6

Action                   || total
-------------------------++-------
Melee: Mace              ||    34
  Use: Scroll            ||     1
 Stab: Petrified         ||     1
Armor: Robe              ||    15
Dodge: Dodged            ||    24

Table legend: (Time is in decaauts)
 A = Elapsed time spent in this place.
 B = Non-inter-level travel time spent in this place.
 C = Inter-level travel time spent in this place.
 D = Time resting spent in this place.
 E = Time spent auto-exploring this place.
 F = Levels seen in this place.
 G = Mean time per level.
                   A        B        C        D        E       F      G
               +--------+--------+--------+--------+--------+-----+--------+
         Total |    590 |    369 |    221 |    107 |      0 |   2 |  295.0 |
       Dungeon |    590 |    369 |    221 |    107 |      0 |   2 |  295.0 |
               +--------+--------+--------+--------+--------+-----+--------+

Top non-repeatable levels by time:
     D:1: 428 daAuts
     D:2: 162 daAuts
